TOP OF THE 1ST |
Vista Panthers batting - Pitching for Nevada Noise : LHP Sloan Sanders
|
Pitching: LHP Sloan Sanders
|
|
Batting: RHB Johnny Williams
|
0-0: Foul Ball, location: 2F 0-1: Ball 1-1: Swinging Strike 1-2: Ball 2-2: SINGLE (Flyball, 89S)
|
Batting: RHB Phil Matthews
|
0-0: Ball 1-0: Ball 2-0: Called Strike 2-1: Swinging Strike 2-2: Strikes out looking
|
Batting: RHB Jake Reeves
|
0-0: Called Strike 0-1: Ball Johnny Williams is caught stealing 2nd base 1-1: Fly out, F7 (Flyball, 7D)
|
Top of the 1st over - 0 runs, 1 hit, 0 errors, 0 left on base; Vista 0 - Nevada 0 |
BOTTOM OF THE 1ST |
Nevada Noise batting - Pitching for Vista Panthers : RHP Dillon Nelson
|
Pitching: RHP Dillon Nelson
|
|
Batting: RHB Fernando Gálvez
|
0-0: Foul Ball, location: 2F 0-1: Ball 1-1: Called Strike 1-2: Foul Ball, location: 2F 1-2: Strikes out swinging
|
Batting: SHB Nate Rhodes
|
0-0: Fly out, F7 (Flyball, 78M)
|
Batting: LHB Greg Nelson
|
0-0: Foul Ball, location: 2F 0-1: Foul Ball, location: 2F 0-2: Ground out 4-3 (Groundball, 4)
|
Bottom of the 1st over - 0 runs, 0 hits, 0 errors, 0 left on base; Vista 0 - Nevada 0 |
TOP OF THE 2ND |
Vista Panthers batting - Pitching for Nevada Noise : LHP Sloan Sanders
|
Batting: LHB Clyde Yarbrough
|
0-0: Ball 1-0: Ball 2-0: Foul Ball, location: 2F 2-1: Foul Ball, location: 2F 2-2: Fly out, F7 (Flyball, 7LS)
|
Batting: RHB Stephen Wilson
|
0-0: Called Strike 0-1: Foul Ball, location: 2F 0-2: Ball 1-2: Foul Ball, location: 2F 1-2: Ball 2-2: Foul Ball, location: 2F 2-2: Ball 3-2: Foul Ball, location: 2F 3-2: Fly out, F7 (Flyball, 7LD)
|
Batting: LHB Dante Owens
|
0-0: Fly out, F8 (Flyball, 8RS)
|
Top of the 2nd over - 0 runs, 0 hits, 0 errors, 0 left on base; Vista 0 - Nevada 0 |
BOTTOM OF THE 2ND |
Nevada Noise batting - Pitching for Vista Panthers : RHP Dillon Nelson
|
Batting: RHB Luis Cruz
|
0-0: Called Strike 0-1: Called Strike 0-2: Strikes out swinging
|
Batting: LHB Milton Watson
|
0-0: Called Strike 0-1: Ball 1-1: Called Strike 1-2: SINGLE (Groundball, 34D)
|
Batting: RHB José Aguilera
|
0-0: Ball 1-0: Ball 2-0: Called Strike 2-1: Grounds into double play, 4-6-3 (Groundball, 4)
|
Bottom of the 2nd over - 0 runs, 1 hit, 0 errors, 0 left on base; Vista 0 - Nevada 0 |
TOP OF THE 3RD |
Vista Panthers batting - Pitching for Nevada Noise : LHP Sloan Sanders
|
Batting: RHB Justin Burgess
|
0-0: Ball 1-0: Ground out 4-3 (Groundball, 4)
|
Batting: RHB Cisco Gatán
|
0-0: Foul Ball, location: 2F 0-1: Foul Ball, location: 2F 0-2: Ground out 5-3 (Groundball, 5S)
|
Batting: LHB Ramiro Martínez
|
0-0: Foul Ball, location: 2F 0-1: Ball 1-1: Ground out 4-3 (Groundball, 4)
|
Top of the 3rd over - 0 runs, 0 hits, 0 errors, 0 left on base; Vista 0 - Nevada 0 |
BOTTOM OF THE 3RD |
Nevada Noise batting - Pitching for Vista Panthers : RHP Dillon Nelson
|
Batting: SHB Derek Roach
|
0-0: Foul Ball, location: 2F 0-1: Ground out 3-1 (Groundball, 34S)
|
Batting: RHB Bill Mark
|
0-0: Called Strike 0-1: Fly out, F8 (Flyball, 8RD)
|
Batting: RHB Arnold Harmon
|
0-0: Called Strike 0-1: Ground out 4-3 (Groundball, 4)
|
Bottom of the 3rd over - 0 runs, 0 hits, 0 errors, 0 left on base; Vista 0 - Nevada 0 |
TOP OF THE 4TH |
Vista Panthers batting - Pitching for Nevada Noise : LHP Sloan Sanders
|
Batting: RHB Johnny Williams
|
0-0: Ball 1-0: Swinging Strike 1-1: Called Strike 1-2: SINGLE (Line Drive, 8LS)
|
Batting: RHB Phil Matthews
|
0-0: Swinging Strike 0-1: Foul Ball, location: 2F 0-2: Ball 1-2: Foul Ball, location: 2F 1-2: Ball 2-2: Ball 3-2: Base on Balls Johnny Williams to second
|
Batting: RHB Jake Reeves
|
0-0: Ball 1-0: SINGLE (Groundball, 6D) Johnny Williams to third Phil Matthews to second
|
Batting: LHB Clyde Yarbrough
|
0-0: Ball 1-0: Swinging Strike 1-1: Ball 2-1: Grounds into double play, 6-4-3 (Groundball, 6) Johnny Williams scores Phil Matthews to third
|
Batting: RHB Stephen Wilson
|
0-0: Called Strike 0-1: Ball 1-1: Ball 2-1: Called Strike 2-2: Ball 3-2: Fly out, F9 (Line Drive, 9D)
|
Top of the 4th over - 1 run, 2 hits, 0 errors, 1 left on base; Vista 1 - Nevada 0 |
BOTTOM OF THE 4TH |
Nevada Noise batting - Pitching for Vista Panthers : RHP Dillon Nelson
|
Batting: RHB Fernando Gálvez
|
0-0: Fly out, F6 (Line Drive, 6)
|
Batting: SHB Nate Rhodes
|
0-0: Foul Ball, location: 2F 0-1: Foul Ball, location: 2F 0-2: Fly out, F7 (Flyball, 7LD)
|
Batting: LHB Greg Nelson
|
0-0: Called Strike 0-1: Called Strike 0-2: Ball 1-2: Foul Ball, location: 2F 1-2: Ball 2-2: SOLO HOME RUN (Flyball, 9D), Distance : 384 ft
|
Batting: RHB Luis Cruz
|
0-0: Fly out, F8 (Flyball, 8LXD)
|
Bottom of the 4th over - 1 run, 1 hit, 0 errors, 0 left on base; Vista 1 - Nevada 1 |
TOP OF THE 5TH |
Vista Panthers batting - Pitching for Nevada Noise : LHP Sloan Sanders
|
Batting: LHB Dante Owens
|
0-0: Ball 1-0: Ball 2-0: Ball 3-0: Base on Balls
|
Batting: RHB Justin Burgess
|
0-0: Ball 1-0: Foul Ball, location: 2F 1-1: Fielders Choice at 2nd, 6-4 (Groundball, 56)
|
Batting: RHB Cisco Gatán
|
0-0: DOUBLE (Line Drive, 8RXD) Justin Burgess to third Justin Burgess scores
|
Batting: LHB Ramiro Martínez
|
0-0: Called Strike 0-1: Ball 1-1: Ball 2-1: Ball 3-1: Ground out 6-3 (Groundball, 6)
|
Batting: RHB Johnny Williams
|
0-0: Ball 1-0: Foul Ball, location: 2F 1-1: Swinging Strike 1-2: Foul Ball, location: 2F 1-2: Ball 2-2: Strikes out swinging
|
Top of the 5th over - 1 run, 1 hit, 0 errors, 1 left on base; Vista 2 - Nevada 1 |
BOTTOM OF THE 5TH |
Nevada Noise batting - Pitching for Vista Panthers : RHP Dillon Nelson
|
Batting: LHB Milton Watson
|
0-0: Ball 1-0: Ball 2-0: Foul Ball, location: 2F 2-1: Fly out, F8 (Flyball, 8LD)
|
Batting: RHB José Aguilera
|
0-0: DOUBLE (Line Drive, 89D)
|
Batting: SHB Derek Roach
|
0-0: SINGLE (Line Drive, 34) José Aguilera to third
|
Batting: RHB Bill Mark
|
0-0: Ball 1-0: Ball 2-0: Ball 3-0: Called Strike 3-1: Base on Balls Derek Roach to second
|
Batting: RHB Arnold Harmon
|
0-0: Foul Ball, location: 2F 0-1: Foul Ball, location: 2F 0-2: Ball 1-2: Ball 2-2: Foul Ball, location: 2F 2-2: Strikes out looking
|
Batting: RHB Fernando Gálvez
|
0-0: Reached on error, E6 (Groundball, 56) José Aguilera scores Derek Roach to third Bill Mark to second
|
Batting: SHB Nate Rhodes
|
0-0: Ball 1-0: Swinging Strike 1-1: Ball 2-1: Ball 3-1: Swinging Strike 3-2: Base on Balls Derek Roach scores Bill Mark to third Fernando Gálvez to second
|
Batting: LHB Greg Nelson
|
0-0: Called Strike 0-1: Swinging Strike 0-2: Ball 1-2: Foul Ball, location: 2F 1-2: Fly out, F4 (Line Drive, 34)
|
Bottom of the 5th over - 2 runs, 2 hits, 1 error, 3 left on base; Vista 2 - Nevada 3 |
TOP OF THE 6TH |
Vista Panthers batting - Pitching for Nevada Noise : LHP Sloan Sanders
|
Batting: RHB Phil Matthews
|
0-0: Ball 1-0: Ball 2-0: Called Strike 2-1: Ball 3-1: DOUBLE (Line Drive, 7LS)
|
Batting: RHB Jake Reeves
|
0-0: Fly out, F3 (Line Drive, 34)
|
Batting: LHB Clyde Yarbrough
|
0-0: Called Strike 0-1: Ball 1-1: Ball 2-1: Ball 3-1: Foul Ball, location: 2F 3-2: Foul Ball, location: 2F 3-2: Foul Ball, location: 2F 3-2: Fly out, F7 (Flyball, 7S)
|
Batting: RHB Stephen Wilson
|
0-0: Ball 1-0: Ball 2-0: Ball 3-0: Base on Balls
|
Batting: LHB Dante Owens
|
0-0: Called Strike 0-1: Foul Ball, location: 2F 0-2: Foul Ball, location: 2F 0-2: Ball 1-2: Foul Ball, location: 2F 1-2: Ground out 5-3 (Groundball, 56S)
|
Top of the 6th over - 0 runs, 1 hit, 0 errors, 2 left on base; Vista 2 - Nevada 3 |
BOTTOM OF THE 6TH |
Nevada Noise batting - Pitching for Vista Panthers : RHP Dillon Nelson
|
Batting: RHB Luis Cruz
|
0-0: Ball 1-0: Ball 2-0: Called Strike 2-1: Called Strike 2-2: Foul Ball, location: 2F 2-2: Ball 3-2: Foul Ball, location: 2F 3-2: Ground out 6-3 (Groundball, 6)
|
Batting: LHB Milton Watson
|
0-0: Ball 1-0: Ball 2-0: Ball 3-0: Base on Balls
|
Batting: RHB José Aguilera
|
0-0: Ball 1-0: Called Strike 1-1: Ball 2-1: Foul Ball, location: 2F 2-2: Foul Ball, location: 2F 2-2: Fly out, F8 (Line Drive, 89D)
|
Batting: SHB Derek Roach
|
0-0: Fielders Choice at 2nd, U6 (Groundball, 6M)
|
Bottom of the 6th over - 0 runs, 0 hits, 0 errors, 1 left on base; Vista 2 - Nevada 3 |
TOP OF THE 7TH |
Vista Panthers batting - Pitching for Nevada Noise : LHP Sloan Sanders
|
Batting: RHB Justin Burgess
|
0-0: Called Strike 0-1: Foul Ball, location: 2F 0-2: Ball 1-2: Ball 2-2: Ball 3-2: Foul Ball, location: 2F 3-2: Foul Ball, location: 2F 3-2: SINGLE (Groundball, 4D)
|
Pitching: RHP Frank Martin
|
|
Batting: RHB Cisco Gatán
|
0-0: Called Strike 0-1: Sac Bunt - play at first, batter OUT! 1-4 Justin Burgess to second
|
Batting: LHB Ramiro Martínez
|
0-0: Ground out 6-3 (Groundball, 6S) Justin Burgess to third
|
Batting: RHB Johnny Williams
|
0-0: Ball 1-0: Ball 2-0: Called Strike 2-1: Ball 3-1: Called Strike 3-2: Base on Balls
|
Batting: RHB Phil Matthews
|
0-0: Ball 1-0: Called Strike 1-1: Ball 2-1: Swinging Strike 2-2: Strikes out swinging
|
Top of the 7th over - 0 runs, 1 hit, 0 errors, 2 left on base; Vista 2 - Nevada 3 |
BOTTOM OF THE 7TH |
Nevada Noise batting - Pitching for Vista Panthers : RHP Dillon Nelson
|
Batting: RHB Bill Mark
|
0-0: Ball 1-0: Foul Ball, location: 2F 1-1: Called Strike 1-2: Strikes out swinging
|
Batting: RHB Arnold Harmon
|
0-0: Foul Ball, location: 2F 0-1: SINGLE (Groundball, 4MD)
|
Batting: RHB Fernando Gálvez
|
0-0: Ball 1-0: Foul Ball, location: 2F 1-1: Fly out, F8 (Flyball, 8RS)
|
Batting: SHB Nate Rhodes
|
0-0: Ball 1-0: Ball 2-0: Ground out 4-3 (Groundball, 4)
|
Bottom of the 7th over - 0 runs, 1 hit, 0 errors, 1 left on base; Vista 2 - Nevada 3 |
TOP OF THE 8TH |
Vista Panthers batting - Pitching for Nevada Noise : RHP Frank Martin
|
Batting: RHB Jake Reeves
|
0-0: Ball 1-0: Ball 2-0: Foul Ball, location: 2F 2-1: Ball 3-1: SINGLE (Popup, 3D)
|
Pitching: LHP Takeo Nakano
|
|
Pinch Runner at 1st Francisco Medina:
|
|
Batting: LHB Clyde Yarbrough
|
0-0: Ball 1-0: Ball 2-0: Ball 3-0: Base on Balls Francisco Medina to second
|
Batting: RHB Stephen Wilson
|
0-0: Ball 1-0: Called Strike 1-1: Swinging Strike 1-2: Ball 2-2: Foul Ball, location: 2F 2-2: Ball 3-2: Grounds into double play, 5-4-3 (Groundball, 56) Francisco Medina to third
|
Batting: LHB Dante Owens
|
0-0: Ball 1-0: Ground out U3 (Groundball, 34S)
|
Top of the 8th over - 0 runs, 1 hit, 0 errors, 1 left on base; Vista 2 - Nevada 3 |
BOTTOM OF THE 8TH |
Nevada Noise batting - Pitching for Vista Panthers : RHP Dillon Nelson
|
Pitching: RHP David Simpson
|
|
Now at 1B: Francisco Medina
|
|
Batting: LHB Greg Nelson
|
0-0: Ball 1-0: Ball 2-0: Foul Ball, location: 2F 2-1: Called Strike 2-2: Strikes out looking
|
Batting: RHB Luis Cruz
|
0-0: Called Strike 0-1: Ball 1-1: Ball 2-1: Fly out, F8 (Flyball, 8RD)
|
Batting: LHB Milton Watson
|
0-0: Called Strike 0-1: Ball 1-1: DOUBLE (Line Drive, 7LM)
|
Batting: RHB José Aguilera
|
0-0: Ball 1-0: Called Strike 1-1: Ball 2-1: Ball 3-1: Foul Ball, location: 2F 3-2: SINGLE (Line Drive, 9LS) Milton Watson to third Milton Watson scores
|
Batting: SHB Derek Roach
|
0-0: Ball 1-0: Reached on error, E1 (Groundball, 15S) José Aguilera to third
|
Pinch Hitting: LHB Dave Reynolds
|
0-0: Swinging Strike 0-1: Ball 1-1: Foul Ball, location: 2F 1-2: Foul Ball, location: 2F 1-2: Ball 2-2: Fly out, F9 (Flyball, 9)
|
Bottom of the 8th over - 1 run, 2 hits, 1 error, 2 left on base; Vista 2 - Nevada 4 |
TOP OF THE 9TH |
Vista Panthers batting - Pitching for Nevada Noise : LHP Takeo Nakano
|
Pitching: RHP Dan Wilson
|
|
Now at SS: Jim Tracy
|
|
Batting: RHB Justin Burgess
|
0-0: Ball 1-0: Ball 2-0: Called Strike 2-1: Foul Ball, location: 2F 2-2: Ball 3-2: Strikes out swinging
|
Batting: RHB Cisco Gatán
|
0-0: Called Strike 0-1: Ball 1-1: Ball 2-1: Ball 3-1: Foul Ball, location: 2F 3-2: Base on Balls
|
Batting: LHB Ramiro Martínez
|
0-0: Called Strike 0-1: Swinging Strike 0-2: Strikes out swinging
|
Batting: RHB Johnny Williams
|
0-0: Called Strike 0-1: Ball 1-1: Called Strike 1-2: Foul Ball, location: 2F 1-2: TRIPLE (Flyball, 9LD) Cisco Gatán scores
|
Batting: RHB Phil Matthews
|
0-0: Ball 1-0: Fly out, F7 (Line Drive, 7S)
|
Top of the 9th over - 1 run, 1 hit, 0 errors, 1 left on base; Vista 3 - Nevada 4 |
|